 Dungeon Crawl Stone Soup version 0.24.1-8-ga250c9d538 (webtiles) character file.

Game seed: 4875925164409998994, levelgen mode: deterministic

125 Hugehornet the Insei (level 5, -2/33 HPs)
             Began as an Octopode Transmuter on May 7, 2020.
             Slain by an orc
             ... wielding a +0 hand axe
              (5 damage)
             ... on level 3 of the Dungeon.
             The game lasted 00:03:54 (2493 turns).

Hugehornet the Insei (Octopode Transmuter)          Turns: 2493, Time: 00:03:55

Health: -2/33      AC:  1    Str:  9    XL:     5   Next: 9%
Magic:  7/8        EV: 13    Int: 17    God:
Gold:   144        SH:  0    Dex: 12    Spells: 2/8 levels left

rFire    + . .     SeeInvis .     - Unarmed
rCold    . . .     Gourm    .   (no shield)
rNeg     . . .     Faith    .   (helmet restricted)
rPois    .         Spirit   .   j - amulet of magic regeneration
rElec    .         Reflect  .   e - ring of flight
rCorr    .         Harm     .   f - ring of protection from fire
MR       .....                  (no ring)
Stlth    ++........             (no ring)
HPRegen  0.11/turn              (no ring)
MPRegen  0.36/turn              (no ring)
                                (no ring)
                                (no ring)

@: appendage
A: almost no armour, stealthy swim, amphibious, 8 rings, constrict 8, tentacle
spike 3, camouflage 1, gelatinous body 1
a: End Transformation, Evoke Flight


You were on level 3 of the Dungeon.
You were hungry.
One of your tentacles had a temporary spike.
You visited 1 branch of the dungeon, and saw 3 of its levels.

You collected 144 gold pieces.

Inventory:

Missiles
 a - 29 arrows
Jewellery
 e - a ring of flight (left tentacle)
 f - a ring of protection from fire (right tentacle)
 j - an amulet of magic regeneration (around mantle)
Scrolls
 b - a scroll of blinking {unknown}
 g - a scroll of remove curse {unknown}
 i - a scroll of amnesia {unknown}
 l - a scroll of identify {unknown}
Potions
 d - a potion of lignification
 h - a potion of agility {unknown}
 k - a potion of ambrosia {unknown}
 m - a potion of degeneration {unknown}
Comestibles
 c - 8 rations


   Skills:
 - Level 1.0 Fighting
 - Level 2.0 Dodging
 * Level 3.7 Unarmed Combat
 + Level 2.1 Spellcasting
 + Level 3.5 Transmutations
 - Level 3.0 Poison Magic


You had 2 spell levels left.
You knew the following spells:

 Your Spells              Type           Power        Failure   Level  Hunger
a - Beastly Appendage     Tmut           ##....       4%          1    #......
b - Sticks to Snakes      Tmut           ##......     7%          2    ###....
c - Spider Form           Tmut/Pois      ##........   16%         3    ###....

Your spell library contained the following spells:

 Spells                   Type           Power        Failure   Level  Hunger
 Ice Form                 Ice/Tmut       #.......     67%         4    #####..
 Blade Hands              Tmut           ##........   77%         5    ######.


Dungeon Overview and Level Annotations

Branches:
Dungeon (3/15)

Altars:


Innate Abilities, Weirdness & Mutations

You cannot wear most types of armour.
You are very stealthy in the water. (Stealth+)
You are amphibious.
You can wear up to eight rings at the same time.
You can use your tentacles to constrict eight enemies at once.
Your skin changes colour to match your surroundings (Stealth+).
Your rubbery body absorbs attacks. (AC +1, EV +1)
One of your tentacles bears a large vicious spike.


Message History

You bite the orc!
You kill the orc!
You hit the orc but do no damage.
Your transformation has ended.
The orc closely misses you.
You closely miss the orc. Your grab misses the orc.
The orc hits you with a +0 hand axe.
You tentacle-slap the orc. Your grab misses the orc. You squeeze the orc.
The orc is heavily wounded.
The orc misses you.
The quokka twitches its whiskers.
You completely miss the orc. Your grab misses the orc.
The orc is almost dead.
The orc hits you with a +0 hand axe!
* * * LOW HITPOINT WARNING * * *
Casting: Spider Form (safe; 16% risk of failure)
Confirm with . or Enter, or press ? or * to list all spells.
One of your tentacles grows a vicious spike.
The orc hits you with a +0 hand axe.
You die...

### #.# #.# .# #.#
#.# .# ## #.#
#.##.### #..####.#
#......## ........#
#........ ).......#
#........
........#####........
......$roo@..........
........####..#####..
#.#####.# #......# .
#.# #...#### #.#
#.#.# #.# #.#.# #.#
..#.# #.# #>##.# ..
#.#


You could see 2 orcs and a quokka.

Vanquished Creatures
  An orc wizard (D:3)
  4 adders (D:2)
  An ooze (D:1)
  A dart slug (D:1)
  3 leopard geckos
  6 orcs
  7 bats
  2 giant cockroaches
  8 goblins
  4 hobgoblins
  4 kobolds
  A quokka (D:2)
  4 frilled lizards
  6 rats
52 creatures vanquished.

Notes
Turn   | Place    | Note
-------+----------+-------------------------------------------
     0 | D:1      | Hugehornet the Octopode Transmuter began the quest for the
                  | Orb.
     0 | D:1      | Reached XP level 1. HP: 13/13 MP: 3/3
    66 | D:1      | Reached XP level 2. HP: 7/18 MP: 3/5
   664 | D:1      | Reached XP level 3. HP: 23/23 MP: 4/6
   668 | D:1      | Learned a level 2 spell: Sticks to Snakes
   672 | D:1      | Learned a level 3 spell: Spider Form
   951 | D:1      | Reached skill level 1 in Poison Magic
  1522 | D:2      | Reached XP level 4. HP: 8/28 MP: 2/7
  2484 | D:3      | Reached XP level 5. HP: 15/33 MP: 8/8
  2493 | D:3      | Slain by an orc

Levels and vault maps discovered:
D:1:      lightli_arrival_chessboard, layout_basic
D:2:      layout_basic
D:3:      layout_rooms

Skill      XL: |  1  2  3  4 |
---------------+-------------+-----
Transmutations | 3 |  3.5
Poison Magic   | 2 3 |  3.0
Fighting       | |  1.0
Dodging        | |  2.0
Unarmed Combat | |  3.7
Spellcasting   | |  2.1

Action                   |  1- 3 |  4- 6 || total
-------------------------+-------+-------++-------
Melee: Unarmed           |    89 |    43 ||   132
       Constrict         |    21 |     4 ||    25
       Kick              |    16 |     5 ||    21
       Tentacles         |    11 |     2 ||    13
 Cast: Beastly Appendage |    24 |     9 ||    33
       Spider Form       |     2 |     1 ||     3
  Use: Potion            |       |     1 ||     1
 Stab: Sleeping          |     7 |     1 ||     8
  Eat: Chunk             |     2 |     3 ||     5
Armor: Skin              |     4 |     3 ||     7
Dodge: Dodged            |    52 |    14 ||    66
